 Dungeon Crawl Stone Soup version 0.31-a0-355-g57cb03d3e8 (webtiles) character file.

Game seed: 15867426973225502461

30949 drugrobin the Basher (level 12, -2/106 HPs)
             Began as a Demigod Delver on July 24, 2023.
             Slain by an azure jelly (5 damage)
             ... in an ice cave.
             The game lasted 01:20:13 (22532 turns).

drugrobin the Basher (Demigod Delver)              Turns: 22532, Time: 01:20:14

Health: -2/106     AC: 11    Str: 25    XL:     12   Next: 94%
Magic:  6/28       EV: 10    Int: 16    God:
Gold:   270        SH:  9    Dex: 15    Spells: 23/27 levels left

rFire   . . .        b - staff of earth
rCold   + + .        U - +0 kite shield
rNeg    . . .        V - +2 ring mail {rPois}
rPois   +            t - +2 helmet
rElec   .            (no cloak)
rCorr   .            (no gloves)
SInv    .            y - +0 pair of boots
Will    +....        (no amulet)
Stlth   ++           X - ring of protection from cold
HPRegen 0.37/turn    p - ring of protection from cold
MPRegen 0.21/turn

%: no passive effects
@: very slightly contaminated
A: high MP 1, forlorn, divine attributes
a: no special abilities


You were in an ice cave.
You visited 2 branches of the dungeon, and saw 15 of its levels.
You also visited: Bailey and Ice Cave.

You collected 751 gold pieces.
You spent 481 gold pieces at shops.

Inventory:

Hand Weapons
 a - a +1 mace of protection
 c - a +2 whip of holy wrath
 e - a +2 dagger of venom
 q - the +6 scimitar of Fortitude {freeze, rPois Str+3 Int-4 SInv}
   (You found it on level 2 of the Lair of Beasts)

   Str:       It affects your strength (+3).
   Int:       It affects your intelligence (-4).
   rPois:     It protects you from poison.
   SInv:      It lets you see invisible.
Missiles
 v - 15 boomerangs (quivered)
 F - 3 curare-tipped darts
 Z - 2 silver javelins
Armour
 t - a +2 helmet (worn)
 y - a +0 pair of boots (worn)
 U - a +0 kite shield (worn)
 V - a +2 ring mail of poison resistance (worn)
Magical Staves
 b - a staff of earth (weapon)
Jewellery
 p - a ring of protection from cold (right hand)
 w - the ring "Facuzes" {rElec Str+2 Int+3 Dex+6}
   (You took it off an orc priest on level 9 of the Dungeon)

   [ring of dexterity]

   Str:       It affects your strength (+2).
   Int:       It affects your intelligence (+3).
   Dex:       It affects your dexterity (+6).
   rElec:     It insulates you from electricity.
 C - a +5 ring of evasion
 D - a +4 ring of protection
 X - a ring of protection from cold (left hand)
Wands
 d - a wand of flame (23)
 g - a wand of digging (3)
 K - a wand of iceblast (17)
 W - a wand of polymorph (3)
Scrolls
 h - 4 scrolls of poison
 n - 3 scrolls of teleportation
 s - 4 scrolls of fog
 A - 2 scrolls of fear
 E - 2 scrolls of butterflies {unknown}
 I - 2 scrolls of silence {unknown}
 N - 2 scrolls of vulnerability
 P - a scroll of immolation
 T - 2 scrolls of blinking {unknown}
Potions
 f - 2 potions of lignification {unknown}
 i - a potion of enlightenment {unknown}
 j - 2 potions of brilliance
 k - 3 potions of mutation
 l - 4 potions of haste
 m - 6 potions of attraction
 o - 2 potions of might {unknown}
 u - a potion of cancellation {unknown}
 x - 8 potions of curing
 z - 3 potions of heal wounds
 B - 3 potions of magic {unknown}
 Y - a potion of invisibility {unknown}
Miscellaneous
 J - a phantom mirror


   Skills:
 - Level 10.0 Fighting
 - Level 12.0 Maces & Flails
 - Level 1.7 Dodging
 - Level 4.5 Stealth
 - Level 5.0 Shields
 - Level 8.0 Spellcasting
 * Level 9.7 Conjurations
 - Level 4.0 Evocations


You had 23 spell levels left.
You knew the following spells:

 Your Spells              Type           Power      Damage    Failure   Level
a - Stone Arrow           Conj/Erth      66%        3d11      14%         3
b - Foxfire               Conj/Fire      88%        2x1d8     4%          1

Your spell library contained the following spells:

 Spells                   Type           Power      Damage    Failure   Level
 Sandblast                Erth           18%        2d7       34%         1
 Passwall                 Tmut/Erth      7%         N/A       45%         2
 Ozocubu's Armour         Ice            6%         N/A       71%         3
 Summon Guardian Golem    Hex/Summ       6%         N/A       71%         3
 Tukima's Dance           Hex            6%         N/A       71%         3
 Passage of Golubria      Tloc           6%         N/A       98%         4
 Orb of Destruction       Conj           18%        9d8       99%         7
 Yara's Violent Unravell  Hex/Tmut       3%         3d4       100%        5
 Plasma Beam              Fire/Air       3%         2x1d13    100%        6
 Starburst                Conj/Fire      11%        6d5       100%        6
 Ozocubu's Refrigeration  Ice            3%         4d8       100%        7
 Spellforged Servitor     Conj/Summ      11%        N/A       100%        7


Dungeon Overview and Level Annotations

Branches:
Dungeon (12/15)            Temple (0/1) D:4            Lair (3/5) D:10
  Snake (0/4) Lair:2          Orc (0/2) D:11         Bailey (visited)
  IceCv (1/1)
  Swamp: Lair:2-3    Shoals: Lair:2-3

Shops:
D:6 **   D:10 *(   D:11 (

Annotations:
D:4 2 runed translucent doors, IYTBazzie's ghost, amateur MiDe
D:6 exclusion: water moccasin, Blork the orc
D:7 exclusion: deep elf zephyrmancer
D:9 2 transporters
Lair:2 3 runed translucent doors, Loveship's ghost, journeyman MfSh


Innate Abilities, Weirdness & Mutations

You have an increased reservoir of magic. (+10% MP)
You shall have no god before yourself.
Your divine heritage dramatically boosts your attributes as you level up.


Message History

Aiming: Stone Arrow (dangerous; 14% risk of failure)
Press: ? - help, Shift-Dir - straight line, f/p - azure jelly
Aim: an azure jelly (severely wounded, 74% to hit)
You feel a surge of power!
You miscast Stone Arrow.
Nothing appears to happen.
The azure jelly hits you but does no damage.
The azure jelly hits you. The azure jelly freezes you! You resist.
The azure jelly hits you. x2
Unknown command.
Unknown command.
Casting: Stone Arrow (dangerous; 14% risk of failure)
Confirm with . or Enter, or press ? or * to list all spells.
Aiming: Stone Arrow (dangerous; 14% risk of failure)
Press: ? - help, Shift-Dir - straight line, f/p - azure jelly
Aim: an azure jelly (severely wounded, 74% to hit)
You feel a surge of power!
The stone arrow hits the azure jelly!
The azure jelly is severely wounded.
You block the azure jelly's attack. The azure jelly barely misses you.
The azure jelly hits you but does no damage.
The azure jelly hits you.
Unknown command.
Unknown command.
Casting: Stone Arrow (dangerous; 14% risk of failure)
Confirm with . or Enter, or press ? or * to list all spells.
Aiming: Stone Arrow (dangerous; 14% risk of failure)
Press: ? - help, Shift-Dir - straight line, f/p - azure jelly
Aim: an azure jelly (severely wounded, 74% to hit)
You feel a surge of power!
The stone arrow hits the azure jelly!
The azure jelly is almost dead.
The azure jelly hits you! The azure jelly freezes you! You resist.
* * * LOW HITPOINT WARNING * * *
You block the azure jelly's attack.
The azure jelly hits you but does no damage. x2
The azure jelly closely misses you. The azure jelly hits you.
* * * LOW HITPOINT WARNING * * *
The azure jelly freezes you! You resist.
* * * LOW HITPOINT WARNING * * *
The azure jelly hits you.
* * * LOW HITPOINT WARNING * * *
The azure jelly hits you.
You die...

########### ##
###.........### #...
###.............# .....
##......###.....####.....#
#.....####.....###.....#.
#....## #......#........._
#.....####...@J........#..
##.......##########......#
##........####### ##.....
####...........######...
##...............####
###########.......###
########### ###.......#
###.........# ###....#####
##...........###
###....###...


You could see an azure jelly.

Vanquished Creatures
  3 hydras (Lair:2)
  A centaur warrior (D:11)
  A two-headed ogre (D:9)
  3 death yaks (D:10)
  Sonja (Lair:1)
  A cyclops (D:12)
  A guardian serpent (Lair:1)
  2 ice statues (IceCv)
  2 black mambas
  Joseph (Lair:1)
  9 cane toads
  Maggie (D:10)
  A gargoyle (D:12)
  7 komodo dragons
  2 rime drakes
  A troll (D:11)
  A merfolk (shapeshifter) (D:11)
  4 blink frogs
  22 slime creatures
  21 yaks
  A vampire (D:10)
  2 wraiths
  5 wyverns
  A basilisk (Lair:2)
  A steam dragon (D:8)
  4 water moccasins
  An acid dragon (D:11)
  5 great orb of eyes simulacra (IceCv)
  6 orc warriors
  3 black bears
  2 sky beasts
  14 wolves
  11 centaurs
  2 slime creature simulacra (IceCv)
  2 gnoll sergeants
  2 kobold brigands (D:8)
  13 bullfrogs
  A scorpion (D:6)
  4 glowing shapeshifter simulacra (IceCv)
  7 wights
  8 killer bees
  7 vampire bats (Bailey)
  7 howler monkeys
  8 wolf zombies (Bailey)
  4 electric eels (D:11)
  A gnoll bouda (D:7)
  5 jellies
  11 orc priests
  3 sleepcaps
  An iguana (D:7)
  Natasha (thrice) (D:3)
  12 orc wizards
  4 shapeshifter simulacra (IceCv)
  21 gnolls
  8 adders
  2 river rats (D:10)
  3 ufetubi (D:5)
  5 worms
  3 dart slugs (D:2)
  39 orcs
  7 endoplasms
  6 giant cockroaches
  10 goblins
  8 hobgoblins
  4 quokkas
  9 bats
  4 frilled lizards
  21 kobolds
  19 orc zombies (Bailey)
  5 rats
420 creatures vanquished.

Vanquished Creatures (collateral kills)
  2 orc zombies (Bailey)
2 creatures vanquished.

Vanquished Creatures (others)
  A black mamba (Lair:2)
  A killer bee (D:7)
  An orc (D:11)
  A rat (D:2)
  113 foxfires
117 creatures vanquished.

Grand Total: 539 creatures vanquished

Notes
Turn   | Place    | Note
-------+----------+-------------------------------------------
     0 | D:5      | drugrobin the Demigod Delver began the quest for the Orb.
     0 | D:5      | Reached XP level 1. HP: 18/18 MP: 3/3
    71 | D:4      | Found a staircase to the Ecumenical Temple.
   103 | D:4      | Reached skill level 2 in Maces & Flails
   157 | D:4      | Noticed a sleepcap
   168 | D:4      | Noticed Natasha
   173 | D:4      | Noticed a cerulean imp
   174 | D:3      | Noticed an orc priest
   176 | D:3      | Noticed a cerulean imp
   184 | D:3      | Killed Natasha
   185 | D:3      | Reached skill level 3 in Maces & Flails
   185 | D:3      | Reached XP level 2. HP: 21/25 MP: 4/4
   335 | D:1      | Reached XP level 3. HP: 30/30 MP: 5/5
  1448 | D:2      | Reached skill level 4 in Maces & Flails
  1625 | D:2      | Reached XP level 4. HP: 37/37 MP: 6/6
  2054 | D:3      | Reached skill level 5 in Maces & Flails
  2054 | D:3      | Reached XP level 5. HP: 20/42 MP: 7/7
  2349 | D:3      | Noticed Natasha
  2383 | D:3      | Killed Natasha
  2509 | D:3      | Identified the +3 scale mail "Onaefead" {rElec rN+++ Dex-2
                  | Stlth+}
  2630 | D:3      | Noticed Natasha
  2637 | D:3      | Killed Natasha
  2829 | D:4      | Found a runed translucent door.
  2835 | D:4      | Noticed IYTBazzie's ghost (amateur MiDe)
  2977 | D:1      | Reached skill level 6 in Maces & Flails
  3178 | D:4      | Found a runed translucent door.
  3219 | D:4      | Noticed a black bear
  3311 | D:4      | Reached XP level 6. HP: 48/50 MP: 8/8
  4036 | D:5      | Reached skill level 7 in Maces & Flails
  4236 | D:5      | Reached XP level 7. HP: 48/56 MP: 9/9
  4576 | D:6      | Found Reclymn's Assorted Antiques.
  4586 | D:6      | Bought a runed mace for 150 gold pieces
  4586 | D:6      | Bought a shiny tourmaline ring for 125 gold pieces
  4718 | D:6      | Reached skill level 8 in Maces & Flails
  4829 | D:6      | Found Temnyetz's Neck Hole.
  4885 | D:6      | Reached skill level 9 in Maces & Flails
  4944 | D:6      | Reached XP level 8. HP: 59/62 MP: 10/10
  5537 | D:6      | Noticed Blork the orc
  5778 | D:7      | Found a flagged portal.
  5787 | Bailey   | Entered a bailey
  5897 | Bailey   | Reached skill level 10 in Maces & Flails
  6222 | Bailey   | Noticed a gargoyle
  6811 | D:7      | Reached skill level 11 in Maces & Flails
  7221 | D:7      | Noticed a deep elf zephyrmancer
  7282 | D:7      | Reached XP level 9. HP: 40/70 MP: 11/11
  8458 | D:8      | Reached skill level 12 in Maces & Flails
  8538 | D:8      | Reached skill level 5 in Fighting
  8554 | D:8      | Reached skill level 1 in Spellcasting
  9638 | D:9      | Noticed an entropy weaver
  9642 | D:9      | Found a transporter.
  9642 | D:9      | Noticed a skeletal warrior
  9690 | D:9      | Noticed a cyclops
  9717 | D:9      | Found a transporter.
  9941 | D:9      | Noticed a komodo dragon
  9952 | D:9      | Noticed a black mamba
  9991 | D:9      | Reached XP level 10. HP: 77/83 MP: 18/18
 10018 | D:9      | Noticed a two-headed ogre
 10238 | D:9      | HP: 4/84 [two-headed ogre/+0 dire flail (23)]
 10239 | D:9      | Killed a two-headed ogre
 10497 | D:10     | Entered Level 10 of the Dungeon
 10513 | D:10     | Found a staircase to the Lair.
 10513 | D:10     | Noticed a death yak
 10514 | D:10     | Noticed a death yak
 10515 | D:10     | Noticed a death yak
 10561 | D:9      | Noticed a glowing orange brain
 10693 | D:10     | Identified the ring "Facuzes" {rElec Str+2 Int+3 Dex+6}
 10871 | D:10     | Found Rolura's Weapon Shoppe.
 11167 | D:10     | Reached skill level 5 in Spellcasting
 11214 | D:10     | Bought a +2 dagger of venom for 172 gold pieces
 11231 | D:10     | Noticed Maggie
 11395 | D:11     | Noticed a two-headed ogre
 11753 | D:10     | Killed Maggie
 11935 | D:10     | Found Erozyin's Assorted Antiques.
 11941 | D:10     | Bought a scroll labelled TIFUAN PEEMU for 34 gold pieces
 12348 | D:11     | Noticed a centaur warrior
 12383 | D:11     | Killed a centaur warrior
 12715 | D:11     | Noticed a guardian serpent
 12914 | D:10     | Killed a death yak
 13151 | D:10     | Killed a death yak
 13152 | D:10     | Reached XP level 11. HP: 82/95 MP: 25/25
 13245 | D:10     | Killed a death yak
 13482 | D:10     | Learned a level 3 spell: Stone Arrow
 13869 | D:11     | Reached skill level 1 in Conjurations
 13969 | D:11     | Found Noamp's Weapon Shoppe.
 14513 | D:11     | Found a staircase to the Orcish Mines.
 15368 | D:12     | Noticed a skeletal warrior
 15442 | D:12     | Noticed a skeletal warrior
 15771 | Lair:1   | Entered Level 1 of the Lair of Beasts
 16073 | Lair:1   | Noticed Joseph
 16106 | Lair:1   | Killed Joseph
 16329 | Lair:1   | Noticed Sonja
 16339 | Lair:1   | Killed Sonja
 16441 | Lair:1   | Learned a level 1 spell: Foxfire
 16517 | Lair:1   | Reached skill level 5 in Conjurations
 17060 | Lair:1   | Reached skill level 10 in Fighting
 17473 | Lair:1   | Reached skill level 1 in Shields
 17980 | Lair:2   | Reached XP level 12. HP: 90/106 MP: 28/28
 18508 | Lair:2   | Noticed a four-headed hydra
 18701 | Lair:2   | Killed a four-headed hydra
 18702 | Lair:2   | Reached skill level 1 in Evocations
 18799 | Lair:2   | Noticed a four-headed hydra
 18904 | Lair:2   | Killed a four-headed hydra
 19490 | Lair:2   | Found a runed translucent gate.
 19490 | Lair:2   | Found a runed translucent gate.
 19490 | Lair:2   | Found a runed translucent gate.
 19493 | Lair:2   | Noticed Loveship's ghost (journeyman MfSh)
 19687 | Lair:2   | Noticed a five-headed hydra
 19700 | Lair:2   | Killed a five-headed hydra
 19701 | Lair:2   | Reached skill level 5 in Shields
 19816 | Lair:2   | Found a staircase to the Snake Pit.
 20469 | Lair:2   | Identified the +6 scimitar of Fortitude {freeze, rPois
                  | Str+3 Int-4 SInv}
 20606 | Lair:3   | Found a frozen archway.
 20731 | IceCv    | Entered an ice cave
 22515 | IceCv    | Noticed an azure jelly
 22532 | IceCv    | HP: 5/106 [azure jelly (10)]
 22532 | IceCv    | Slain by an azure jelly

Illustrated notes

Levels and vault maps discovered:
D:1:      scummos_arrival_simple_crosswalls, layout_loops_corners,
          shapermc_ecumenical_altar_pompeii, roderic_roman_lattice,
          minmay_small_reverse_x
D:2:      layout_basic
D:3:      layout_rooms, mainiacjoe_overflow_paths,
          mainiacjoe_overflow_small_starburst
D:4:      layout_loops_ring, mainiacjoe_overflow_alcove_3,
          minmay_temple_entry_grid, ebering_ghost_sewer_f, uniq_natasha
D:5:      layout_basic, kennysheep_mini_moat, kennysheep_generic_room_4
D:6:      layout_basic, mainiacjoe_overflow_alcove_2, serial_shops,
          nicolae_shop_tiny_glass, nicolae_shop_sticking_my_neck_out,
          uniq_blork_the_orc
D:7:      layout_gridville, enter_bailey_4, nicolae_ossuary_entry_monument,
          guppyfry_early_elven_hall
D:8:      layout_basic, nicolae_titane
D:9:      gammafunk_the_bubble [the_bubble_gammafunk_split], layout_basic
D:10:     layout_rooms, dpeg_lair_monsters, serial_shops,
          nicolae_shop_just_a_little_nook, nicolae_shop_trees, uniq_maggie
D:11:     layout_roguey, erik_orc_2, serial_shops, shop,
          small_chamber_with_monster, fedhas_altar_3
D:12:     layout_loops_corners
Lair:1:   layout_roguey, chequers_serial_rivers_micro_c, uniq_joseph, uniq_sonja
Lair:2:   nzn_winding_woodlands_cross
          [nzn_winding_woodlands_5x15_pathside_ponds,
          nzn_winding_woodlands_5x15_concentric,
          nzn_winding_woodlands_5x15_cabin, nzn_winding_woodlands_5x15_pool,
          nzn_winding_woodlands_15x15_thick_spiral], layout_chaotic_city,
          minmay_snake_entry_spellcaster, ebering_ghost_rock_garden,
          wad_woods_river_03, st_stairs_11, beast_lair_carwin_2
Lair:3:   layout_cave_pods, minmay_swamp_entry_wisps,
          portal_ice_cave_entry_pillars_2
IceCv:    ice_cave_hellmonk_azure_passage

Skill      XL: |  1  2  3  4  5  6  7  8  9 10 11 12 |
---------------+-------------------------------------+-----
Maces & Flails | 3 4 5 6 7 9 11 12 | 12.0
Fighting       | 3 6 8 10 | 10.0
Spellcasting   | 3 6 8 |  8.0
Conjurations   | 6 9 |  9.7
Shields        | 2 5 |  5.0
Evocations     | 4 |  4.0
Dodging        | |  1.7
Stealth        | |  4.5

Action                     |  1- 3 |  4- 6 |  7- 9 | 10-12 || total
---------------------------+-------+-------+-------+-------++-------
  Melee: Mace              |    47 |       |   382 |  1155 ||  1584
         Whip              |    70 |   260 |   164 |    41 ||   535
         Punch             |       |     5 |     9 |     3 ||    17
         Trident           |       |       |    22 |    19 ||    41
         Dagger            |       |       |       |   141 ||   141
         Staff             |       |       |       |    39 ||    39
   Fire: Sling             |     9 |       |     2 |     3 ||    14
         Shortbow          |       |       |    55 |    38 ||    93
  Throw: Boomerang         |       |    10 |    19 |    20 ||    49
         Dart              |       |     6 |     7 |    22 ||    35
   Cast: Foxfire           |       |       |       |    71 ||    71
         Stone Arrow       |       |       |       |    89 ||    89
  Evoke: Wand              |     2 |       |     4 |    11 ||    17
         Phantom mirror    |       |       |       |     1 ||     1
    Use: Scroll            |     2 |       |    11 |     6 ||    19
         Potion            |     1 |       |     1 |       ||     2
   Stab: Sleeping          |     6 |     5 |     6 |     3 ||    20
         Distracted        |       |     1 |       |     1 ||     2
 Armour: Leather armour    |    48 |    26 |       |       ||    74
         Scale mail        |       |    69 |   373 |   246 ||   688
         Acid dragon scale |       |       |       |     1 ||     1
         Ring mail         |       |       |       |   194 ||   194
  Dodge: Dodged            |    81 |   107 |   364 |   708 ||  1260
  Block: Kite shield       |       |       |       |   401 ||   401

Table legend: (Time is in decaauts)
 A = Elapsed time spent in this place.
 B = Non-inter-level travel time spent in this place.
 C = Inter-level travel time spent in this place.
 D = Time resting spent in this place.
 E = Time spent auto-exploring this place.
 F = Levels seen in this place.
 G = Mean time per level.
                   A        B        C        D        E       F      G
               +--------+--------+--------+--------+--------+-----+--------+
         Total |  22306 |  21430 |    876 |   5703 |   8624 |  17 | 1312.1 |
       Dungeon |  15199 |  14410 |    789 |   3437 |   6226 |  12 | 1266.6 |
          Lair |   4622 |   4535 |     87 |   1404 |   1938 |   3 | 1540.7 |
        Bailey |    724 |    724 |      0 |    258 |     48 |   1 |  724.0 |
      Ice Cave |   1759 |   1759 |      0 |    603 |    411 |   1 | 1759.0 |
               +--------+--------+--------+--------+--------+-----+--------+

Top non-repeatable levels by time:
  Lair:2: 2605 daAuts
    D:11: 2504 daAuts
  Lair:1: 1858 daAuts
    D:10: 1820 daAuts
     D:9: 1796 daAuts
   IceCv: 1759 daAuts
     D:8: 1562 daAuts
     D:7: 1342 daAuts
     D:6: 1204 daAuts
     D:3: 1099 daAuts
     D:1: 1020 daAuts
     D:4: 926 daAuts
     D:2: 832 daAuts
  Bailey: 724 daAuts
     D:5: 632 daAuts
